AoeStats
← felipegarcia92

MegaRandom

510036552Analyzed
4v4 RM · 5d ago on Sep 29, 2026· 46m 27s· 8 players
Game mode
Random Map
Map size
Large (8 player)
Population
200
Speed
Normal
Resources
Standard
Victory
Conquest
Starting age
Dark Age
Ending age
Imperial Age
RankedLock teamsTeams togetherTeam positionsShared explorationLock speedFull tech treeHidden civsTurbo modeCheats
Victory
Defeat
🇨🇳 Franks · China
952
+14
🇨🇱 Varangians · Chile
924
+15
🇨🇦 Slavs · Canada
904
+16
🇺🇸 Spanish · United States
869
+51
🇦🇷 Chinese · Argentina
948
-17
🇦🇷 Koreans · Argentina
922
-16
🇺🇾 Danes · Uruguay
890
-15
🇺🇾 Britons · Uruguay
887
-15
HoldMyB33rforme
5:24 Loom
12:01 Feudal Age
13:11 Man-at-Arms
21:19 Castle Age
22:57 Long Swordsman
25:53 Double-Bit Axe
27:59 Bow Saw
28:01 Squires
28:14 Forging
28:29 Gold Mining
28:31 Stone Mining
29:26 Wheelbarrow
28:36 Town Watch
30:47 Horse Collar
31:46 Scale Mail Armor
34:04 Heavy Plow
34:45 Town Patrol
34:34 Pikeman
36:18 Iron Casting
38:11 Hand Cart
41:25 Fletching
41:56 Detinets
42:27 Bodkin Arrow
43:27 Chain Mail Armor
44:12 Gold Shaft Mining
47:14 Imperial Age
horus001
11:10 Feudal Age
15:22 Double-Bit Axe
15:28 Horse Collar
18:51 Padded Archer Armor
23:34 Castle Age
36:59 Imperial Age
34:39 Scale Barding Armor
34:35 Scale Mail Armor
34:45 Forging
34:25 Fletching
34:51 Leather Archer Armor
34:40 Caravan
36:11 Fishing Lines
37:45 Pikeman
37:46 Man-at-Arms
38:11 Gambesons
38:26 Squires
38:12 Arson
39:08 Iron Casting
38:48 Chain Mail Armor
39:04 Ring Archer Armor
38:31 Bodkin Arrow
39:44 Wheelbarrow
39:06 Gold Mining
39:07 Stone Mining
39:20 Heavy Plow
39:36 Bow Saw
39:23 Elite Conquistador
41:57 Two-Man Saw
43:31 Blast Furnace
47:29 Chemistry
46:50 Ballistics
Dannu
15:01 Feudal Age
16:31 Loom
17:04 Bloodlines
19:15 Castle Age
18:50 Scale Barding Armor
19:52 Forging
19:44 Double-Bit Axe
19:41 Horse Collar
21:39 Chain Barding Armor
33:20 Iron Casting
38:57 Imperial Age
38:16 Husbandry
38:42 Vendel Legacy
39:17 Cavalier
40:41 Plate Barding Armor
41:19 Blast Furnace
41:42 Wheelbarrow
40:53 Town Watch
45:51 Fletching
Delete game
6:29 Loom
10:01 Feudal Age
12:36 Double-Bit Axe
17:41 Forging
23:19 Castle Age
21:48 Scale Barding Armor
23:46 Town Watch
24:44 Gold Mining
24:33 Light Cavalry
26:46 Bow Saw
27:34 Husbandry
28:12 Iron Casting
27:46 Fishing Lines
32:03 Wheelbarrow
32:36 Chain Barding Armor
33:18 Hand Cart
36:22 Imperial Age
33:40 Treadmill Crane
34:41 Gold Shaft Mining
33:56 Stone Mining
34:05 Fletching
35:16 Gillnets
36:31 Ballistics
36:06 Murder Holes
36:09 Bodkin Arrow
36:58 Cavalier
38:16 Plate Barding Armor
38:04 Town Patrol
39:07 Chemistry
39:09 Blast Furnace
37:37 Elite Skirmisher
38:20 Padded Archer Armor
42:24 Leather Archer Armor
42:05 Paladin
43:40 Masonry
43:36 Siege Engineers
43:17 Arrowslits
43:43 Fortified Wall
45:03 Capped Ram
felipegarcia92
9:36 Loom
12:25 Feudal Age
18:51 Castle Age
17:00 Double-Bit Axe
17:25 Horse Collar
18:11 Forging
21:02 Squires
22:00 Gambesons
25:39 Wheelbarrow
25:50 Heavy Plow
26:53 Hamask
26:57 Pikeman
29:05 Thumb Ring
36:56 Arson
37:14 Scale Mail Armor
38:06 Gold Mining
40:40 Iron Casting
vitavidal91
7:36 Loom
10:46 Feudal Age
22:58 Castle Age
25:26 Stone Mining
25:47 Fletching
26:40 Bodkin Arrow
28:58 Wheelbarrow
29:09 Padded Archer Armor
29:19 Double-Bit Axe
29:17 Horse Collar
29:56 Hand Cart
30:06 Leather Archer Armor
29:53 Fishing Lines
30:13 Gold Mining
30:50 Leather Archer Armor
31:07 Ballistics
30:56 Heavy Plow
31:10 Bow Saw
30:26 Crossbowman
38:09 Imperial Age
37:54 Yeomen
37:50 Forging
37:40 Scale Mail Armor
38:49 Masonry
39:50 Chemistry
38:34 Elite Longbowman
39:31 Bracer
40:42 Conscription
41:31 Arbalester
41:54 Pikeman
42:37 Squires
42:56 Chain Mail Armor
43:17 Iron Casting
42:28 Halberdier
ricky
0:56 Loom
13:42 Feudal Age
18:23 Castle Age
16:57 Double-Bit Axe
17:50 Wheelbarrow
16:59 Horse Collar
18:49 Crossbowman
19:18 Pikeman
22:08 Bow Saw
24:09 Squires
24:23 Forging
25:05 Fervor
26:37 Fletching
27:40 Ballistics
29:04 Iron Casting
31:30 Scale Mail Armor
33:40 Murder Holes
42:06 Imperial Age
39:52 Hand Cart
39:57 Bodkin Arrow
41:40 Chain Mail Armor
42:36 Padded Archer Armor
43:41 Conscription
42:44 Halberdier
44:28 Thumb Ring
46:46 Chemistry
45:50 Bracer
knoxville2049
0:31 Loom
11:04 Feudal Age
11:34 Double-Bit Axe
17:22 Fletching
19:08 Horse Collar
32:57 Castle Age
35:42 Bow Saw
36:40 Heavy Plow
39:57 Bodkin Arrow
41:45 Stone Mining
Connection lost

Rejoining the realm…

Still unreachable

The connection could not be restored.

Session expired

The server has moved on; the page needs a fresh start.